AoeStats
← WING123456

Nomad

509873083Analyzed
4v4 RM · 4d ago on Sep 28, 2026· 39m 39s· 8 players
Game mode
Random Map
Map size
231×231
Population
200
Speed
Normal
Resources
Standard
Victory
Conquest
Starting age
Dark Age
Ending age
Imperial Age
RankedLock teamsTeams togetherTeam positionsShared explorationLock speedFull tech treeHidden civsTurbo modeCheats
Victory
Defeat
🇨🇳 Gurjaras · China
1122
+16
🇨🇳 Goths · China
1105
+17
🇨🇳 Koreans · China
1098
+17
🇹🇼 Mongols · Taiwan
1086
+17
🇨🇳 Britons · China
1180
-18
🇩🇪 Huns · Germany
1118
-17
🇨🇳 Spanish · China
1116
-17
🇨🇱 Byzantines · Chile
1064
-15
屋顶上的轻骑兵
3:18 Loom
14:38 Feudal Age
15:27 Man-at-Arms
21:34 Castle Age
20:15 Stone Mining
20:59 Double-Bit Axe
25:10 Bow Saw
24:42 Horse Collar
26:19 Fishing Lines
28:09 Gold Mining
28:57 Wheelbarrow
29:52 Gillnets
35:51 Imperial Age
33:40 Forging
33:56 Treadmill Crane
34:52 Scale Mail Armor
35:29 Iron Casting
36:57 Conscription
36:03 Pikeman
37:22 Hand Cart
37:57 Conscription
37:55 Squires
38:58 Blast Furnace
40:54 Two-Man Saw
39:57 Heavy Plow
WING123456
3:09 Loom
13:33 Feudal Age
14:23 Double-Bit Axe
20:04 Castle Age
17:58 Stone Mining
18:02 Gold Mining
17:55 Horse Collar
19:00 Fletching
24:19 Bow Saw
25:39 Bodkin Arrow
30:16 Ballistics
33:06 Wheelbarrow
41:44 Imperial Age
棒棒糖
5:28 Loom
13:56 Feudal Age
19:08 Castle Age
17:11 Double-Bit Axe
17:39 Horse Collar
19:27 Scale Barding Armor
19:33 Forging
19:20 Fishing Lines
20:46 Bloodlines
20:42 Husbandry
22:31 Husbandry
22:42 Bloodlines
28:54 Wheelbarrow
29:56 Heavy Plow
30:47 Bow Saw
32:11 Stone Mining
33:06 Chain Barding Armor
32:47 Scale Mail Armor
33:23 Iron Casting
37:22 Imperial Age
35:08 Hand Cart
34:38 Town Watch
34:46 Treadmill Crane
36:32 Stone Shaft Mining
35:49 Gold Mining
37:05 Kshatriyas
40:29 Plate Barding Armor
40:18 Conscription
popibo
13:30 Feudal Age
11:46 Loom
19:38 Fishing Lines
20:37 Fishing Lines
23:11 Castle Age
21:10 Double-Bit Axe
25:14 Bloodlines
25:13 Scale Barding Armor
26:05 Wheelbarrow
26:33 Husbandry
27:39 Horse Collar
27:55 Gillnets
30:01 Bow Saw
34:37 Imperial Age
32:29 Hand Cart
32:32 Fletching
32:42 Padded Archer Armor
33:39 Bodkin Arrow
34:15 Leather Archer Armor
35:22 Bracer
35:53 Ballistics
36:33 Chemistry
35:39 Siege Engineers
36:00 Conscription
36:15 Parthian Tactics
35:51 Elite Mangudai
36:53 Thumb Ring
38:17 Heavy Plow
38:58 Masonry
不知天上水
15:37 Feudal Age
20:13 Castle Age
17:55 Horse Collar
18:09 Double-Bit Axe
18:05 Horse Collar
20:11 Fletching
20:28 Gold Mining
22:08 Wheelbarrow
21:44 Bow Saw
22:15 Gold Shaft Mining
21:40 Bodkin Arrow
21:15 Crossbowman
27:30 Padded Archer Armor
30:10 Heavy Plow
30:16 Stone Mining
31:33 Bodkin Arrow
33:14 Ballistics
36:00 Yeomen
36:36 Leather Archer Armor
golden Eagle
2:58 Loom
16:33 Feudal Age
19:38 Fletching
23:54 Castle Age
22:17 Forging
22:12 Scale Barding Armor
21:55 Fishing Lines
Keth-.
5:59 Loom
14:42 Feudal Age
16:02 Double-Bit Axe
16:18 Fishing Lines
16:33 Fishing Lines
19:06 Castle Age
17:00 Horse Collar
22:42 Heavy Plow
23:11 Pikeman
24:17 Bow Saw
24:13 Scale Mail Armor
26:41 Wheelbarrow
27:27 Squires
29:44 Chain Mail Armor
31:10 Forging
32:26 Hand Cart
36:20 Imperial Age
33:45 Stone Mining
34:14 Gold Mining
37:43 Iron Casting
38:31 Two-Man Saw
38:44 Gold Shaft Mining
37:37 Halberdier
39:04 Man-at-Arms
青青草原懒大王
6:01 Loom
18:24 Feudal Age
25:26 Castle Age
26:44 Fletching
30:51 Bodkin Arrow
31:31 Double-Bit Axe
Connection lost

Rejoining the realm…

Still unreachable

The connection could not be restored.

Session expired

The server has moved on; the page needs a fresh start.